 Dungeon Crawl Stone Soup version 0.29.1-2-gbd0b4ee654 (webtiles) character file.

Game seed: 12546559431501148491

37 qeuew the Conjurer (level 3, -7/26 HPs)
             Began as a Demigod Conjurer on Nov 4, 2022.
             Mangled by a gnoll
             ... wielding a +0 halberd
              (15 damage)
             ... on level 2 of the Dungeon.
             The game lasted 00:03:37 (1526 turns).

qeuew the Conjurer (Demigod Conjurer)               Turns: 1526, Time: 00:03:37

Health: -7/26      AC:  3    Str:  8    XL:     3   Next: 7%
Magic:  6/8        EV: 11    Int: 24    God:
Gold:   33         SH:  0    Dex: 12    Spells: 3/6 levels left

rFire   . . .      SeeInvis .   c - +0 dagger (flame)
rCold   . . .      Faith    .   (no shield)
rNeg    . . .      Spirit   .   e - +0 leather armour
rPois   .          Reflect  .   (no helmet)
rElec   .          Harm     .   (no cloak)
rCorr   .          Rampage  .   (no gloves)
Will    .....                   (no boots)
Stlth   ++........              (no amulet)
HPRegen 0.08/turn               (no ring)
MPRegen 0.11/turn               (no ring)

@: no status effects
A: high MP 1, forlorn, divine attributes
a: no special abilities


You were on level 2 of the Dungeon.
You visited 1 branch of the dungeon, and saw 2 of its levels.

You collected 33 gold pieces.

Inventory:

Hand Weapons
 c - a +0 dagger of flaming (weapon)
Armour
 e - a +0 leather armour (worn)
Scrolls
 d - a scroll of fear
Potions
 b - a potion of magic


   Skills:
 * Level 0.8 Short Blades
 + Level 0.1 Armour
 * Level 2.1 Dodging
 - Level 1.7 Stealth
 * Level 2.0 Spellcasting
 + Level 4.1 Conjurations


You had 3 spell levels left.
You knew the following spells:

 Your Spells              Type           Power      Damage    Failure   Level
a - Magic Dart            Conj           88%        1d7       3%          1
b - Searing Ray           Conj           44%        2d6       4%          2

Your spell library contained the following spells:

 Spells                   Type           Power      Damage    Failure   Level
 Dazzling Flash           Conj/Hex       24%        N/A       22%         3
 Blink                    Tloc           4%         N/A       26%         2
 Lesser Beckoning         Tloc           2%         N/A       45%         3
 Fulminant Prism          Conj/Hex       6%         3d7       58%         4
 Iskenderun's Mystic Bla  Conj/Tloc      12%        2d5       58%         4
 Manifold Assault         Tloc           2%         N/A       99%         5


Dungeon Overview and Level Annotations

Branches:
Dungeon (2/15)


Innate Abilities, Weirdness & Mutations

You have an increased reservoir of magic. (+10% MP)
You shall have no god before yourself.
Your divine heritage dramatically boosts your attributes as you level up.


Message History

The plant begins to die.
You have reached level 3!
Your experience leads to a dramatic increase in your attributes!
Increase (S)trength, (I)ntelligence, or (D)exterity?
You feel clever. x4
The gnoll hits the plant with a +0 halberd!
The plant begins to die.
You climb upwards.
There is a stone staircase leading down here.
You start resting.
Magic restored.
There is an open door here.
There is an open door here.
There is an open door here.
There is a stone staircase leading down here.
Welcome back, qeuew the Demigod Conjurer.
Press ? for a list of commands and other information.
Done exploring.
Okay, then.
Okay, then.
(D) Dungeon
Where to? (? - help)
What level of the Dungeon? (default 1, ? - help)
You climb downwards.
Found a robe.
There is a stone staircase leading up here.
There are monsters nearby!
The magic dart hits the gnoll but does no damage.
The magic dart hits the gnoll.
The gnoll is moderately wounded.
Okay, then.
The kobold shouts!
The gnoll barely misses you.
The gnoll hits you from afar with a +0 halberd!
You hit the gnoll. You burn the gnoll.
The gnoll is severely wounded.
The gnoll hits you with a +0 club. The gnoll hits you with a +0 whip.
The gnoll hits you from afar with a +0 halberd!
Ouch! That really hurt!
You die...

......[..... ##
........... ..#
..........####...#
..........#.?....#
........K.#<.....#
....................
.........gg....PPP.P
.......<@g....P.....
...........†#...PPP.
...#+##..........P..
. ........P.....
...##....P..P.P
........<..PPP.P
..............§..
......##$.....##.# .
####+#.#


You could see 3 gnolls and a kobold.

Vanquished Creatures
  An adder (D:2)
  A ball python (D:1)
  2 bats (D:1)
  3 endoplasms
  3 goblins (D:1)
  3 hobgoblins (D:1)
  3 jackals (D:1)
  3 kobolds (D:1)
  A quokka (D:1)
  4 frilled lizards (D:1)
  A rat (D:1)
25 creatures vanquished.

Vanquished Creatures (others)
  2 plants (D:2)
2 creatures vanquished.

Grand Total: 27 creatures vanquished

Notes
Turn   | Place    | Note
-------+----------+-------------------------------------------
     0 | D:1      | qeuew the Demigod Conjurer began the quest for the Orb.
     0 | D:1      | Reached XP level 1. HP: 14/14 MP: 5/5
   232 | D:1      | Reached XP level 2. HP: 20/20 MP: 2/7
   242 | D:1      | Reached skill level 4 in Conjurations
  1384 | D:1      | Learned a level 2 spell: Searing Ray
  1436 | D:2      | Reached XP level 3. HP: 26/26 MP: 3/8
  1526 | D:2      | Mangled by a gnoll

Illustrated notes

Levels and vault maps discovered:
D:1:      moated_graveyard_arrival, layout_basic,
          dreamdust_ecumenical_altar_angels_and_demons, serial_forest,
          infiniplex_forest_clump_large, infiniplex_forest_lined_room_,
          infiniplex_forest_end_1, infiniplex_forest_lined_room_2,
          infiniplex_forest_lined_4_way, infiniplex_forest_corner_1,
          infiniplex_forest_end_2, infiniplex_forest_straight_2,
          minmay_pentomino_r4
D:2:      layout_basic, nicolae_grassy_gnolls, uniq_jessica, uniq_sigmund

Skill      XL: |  1  2 |
---------------+-------+-----
Conjurations   | 4 |  4.1
Dodging        | 2 |  2.1
Spellcasting   | 2 |  2.0
Short Blades   | |  0.8
Armour         | |  0.1
Stealth        | |  1.7

Action                   || total
-------------------------++-------
Melee: Dagger            ||    23
 Cast: Magic Dart        ||    30
  Use: Scroll            ||     2
       Potion            ||     1
Armor: Leather armour    ||     6
Dodge: Dodged            ||    18
